 Dungeon Crawl Stone Soup version 0.31.0-32-g396128a36d (webtiles) character file.

Game seed: 11130792069299508838

728 Silvore the Cudgeller (level 7, 0/60 HPs)
             Began as a Minotaur Fighter on Mar 12, 2024.
             Slain by a gnoll sergeant
             ... wielding a +3 spear of freezing
              (1 damage)
             ... on level 4 of the Dungeon.
             The game lasted 00:04:53 (2739 turns).

Silvore the Cudgeller (Minotaur Fighter)            Turns: 2739, Time: 00:04:54

Health: 0/60       AC: 10    Str: 23    XL:     7   Next: 44%
Magic:  6/6        EV: 10    Int:  5    God:
Gold:   197        SH:  5    Dex:  9    Spells: 6/6 levels left

rFire   . . .        r - +1 mace
rCold   . . .        c - +1 buckler
rNeg    . . .        b - +0 scale mail
rPois   .            (helmet restricted)
rElec   .            f - +0 cloak
rCorr   .            (no gloves)
SInv    +            n - +0 pair of boots
Will    .....        (no amulet) Stlth
                     e - ring of see invisible
HPRegen 0.30/turn    (no ring)
MPRegen 0.10/turn

%: no passive effects
@: no status effects
A: horns 2, retaliatory headbutt
a: no special abilities


You were on level 4 of the Dungeon.
You visited 1 branch of the dungeon, and saw 5 of its levels.

You collected 197 gold pieces.

Inventory:

Hand Weapons
 a - a +0 flail
 j - a +2 flail of draining
 r - a +1 mace (weapon)
Armour
 b - a +0 scale mail (worn)
 c - a +1 buckler (worn)
 f - a +0 cloak (worn)
 n - a +0 pair of boots (worn)
Jewellery
 e - a ring of see invisible (left hand)
 g - a ring of fire
Wands
 s - a wand of iceblast (9)
Scrolls
 d - a scroll of fog
 k - 3 scrolls of teleportation
Potions
 h - a potion of attraction
 i - a potion of heal wounds
 l - 2 potions of degeneration {unknown}
 o - a potion of resistance
 p - a potion of curing


   Skills:
 + Level 4.8 Fighting
 + Level 6.9 Maces & Flails
 + Level 6.2 Armour
 + Level 1.9 Dodging
 + Level 0.3 Stealth
 + Level 5.0 Shields


You had 6 spell levels left.
You didn't know any spells.
Your spell library contained the following spells:

 Spells                   Type           Power      Damage    Failure   Level
 Call Canine Familiar     Summ           0%         N/A       99%         3
 Sigil of Binding         Hex            0%         N/A       99%         3
 Dimensional Bullseye     Hex/Tloc       0%         N/A       100%        4


Dungeon Overview and Level Annotations

Branches:
Dungeon (5/15)
 Temple: D:4-7

Altars:
Ashenzari
Cheibriados
Yredelemnul

Shops:
D:1 !   D:3 !


Innate Abilities, Weirdness & Mutations

You have a pair of horns on your head.
You reflexively headbutt those who attack you in melee.


Message History

The gnoll sergeant freezes you.
The gnoll sergeant hits you with a +3 spear of freezing.
* * * LOW HITPOINT WARNING * * *
The gnoll sergeant freezes you.
* * * LOW HITPOINT WARNING * * *
The gnoll closely misses you. The gnoll barely misses you.
You furiously retaliate!
You headbutt the gnoll!
You kill the gnoll!
The gnoll hits you but does no damage.
There is a stone staircase leading up here.
The gnoll sergeant hits you with a +3 spear of freezing.
* * * LOW HITPOINT WARNING * * *
The gnoll sergeant freezes you.
* * * LOW HITPOINT WARNING * * *
The gnoll hits you but does no damage. The gnoll hits you with a +0 flail.
* * * LOW HITPOINT WARNING * * *
You climb upwards.
There is a stone staircase leading down here.
You hit the gnoll but do no damage.
The gnoll is moderately wounded.
The gnoll sergeant closely misses you. You furiously retaliate!
You headbutt the gnoll sergeant, but do no damage.
The gnoll barely misses you. You furiously retaliate!
You headbutt the gnoll.
The gnoll sergeant hits you with a +3 spear of freezing.
* * * LOW HITPOINT WARNING * * *
The gnoll sergeant freezes you.
* * * LOW HITPOINT WARNING * * *
You closely miss the gnoll.
The gnoll is severely wounded.
The gnoll barely misses you.
The gnoll sergeant hits you with a +3 spear of freezing.
* * * LOW HITPOINT WARNING * * *
The gnoll sergeant freezes you.
* * * LOW HITPOINT WARNING * * *
You completely miss the gnoll. You headbutt the gnoll.
You kill the gnoll!
The gnoll sergeant hits you with a +3 spear of freezing.
* * * LOW HITPOINT WARNING * * *
The gnoll sergeant freezes you.
You die...

#.....<.##......(....# #####
##########...........##########
###........)............
##...#........###########
#...#..........#
#...#..........##########
#........................
#...#..g.......#########.
#####...@...#### ##
##..)...###### ##.....##...#
###.####._.# #.####...####
#.#8.#§○°#.8# #.#.........##
#.#...#'#....# #.#...#†#....#


You could see a gnoll sergeant.

Vanquished Creatures
  Sigmund (D:3)
  A human (D:4)
  Duvessa (D:4)
  2 scorpions
  Dowan (D:4)
  An orc priest (D:3)
  Terence (D:3)
  An orc wizard (D:3)
  An iguana (D:4)
  Robin (D:2)
  3 gnolls
  6 adders
  A ribbon worm (D:3)
  3 dart slugs
  6 orcs
  5 ball pythons
  4 bats
  9 endoplasms
  8 giant cockroaches
  16 goblins
  6 hobgoblins
  7 jackals
  4 quokkas
  2 frilled lizards (D:2)
  A goblin skeleton (D:4)
  7 kobolds
  3 rats
102 creatures vanquished.

Notes
Turn   | Place    | Note
-------+----------+-------------------------------------------
     0 | D:1      | Silvore the Minotaur Fighter began the quest for the Orb.
     0 | D:1      | Reached XP level 1. HP: 19/19 MP: 0/0
   177 | D:1      | Reached XP level 2. HP: 26/27 MP: 1/1
   206 | D:1      | Found Toteos's Distillery.
   520 | D:2      | Noticed Robin
   550 | D:1      | Reached XP level 3. HP: 24/33 MP: 2/2
   606 | D:2      | Killed Robin
   711 | D:2      | Reached XP level 4. HP: 40/40 MP: 3/3
  1031 | D:3      | Found Uppal's Distillery.
  1046 | D:3      | Found a faded altar of an unknown god.
  1078 | D:3      | Reached skill level 1 in Dodging
  1088 | D:3      | Found a snail-covered altar of Cheibriados.
  1146 | D:3      | Reached XP level 5. HP: 21/46 MP: 4/4
  1286 | D:3      | Noticed Terence
  1295 | D:3      | Killed Terence
  1296 | D:3      | Reached skill level 5 in Maces & Flails
  1409 | D:3      | Noticed Sigmund
  1447 | D:3      | Killed Sigmund
  1448 | D:3      | Reached skill level 5 in Armour
  1448 | D:3      | Reached XP level 6. HP: 13/53 MP: 5/5
  1984 | D:4      | Noticed Duvessa
  1984 | D:4      | Noticed Dowan
  1995 | D:4      | Killed Duvessa
  2003 | D:4      | Killed Dowan
  2004 | D:4      | Reached XP level 7. HP: 14/60 MP: 6/6
  2138 | D:4      | Found a broken altar of Ashenzari.
  2441 | D:4      | Found a runed translucent door.
  2441 | D:4      | Noticed a human
  2442 | D:4      | Found a basalt altar of Yredelemnul.
  2619 | D:4      | Killed a human
  2637 | D:5      | Entered Level 5 of the Dungeon
  2727 | D:5      | Reached skill level 5 in Shields
  2739 | D:4      | HP: 1/60 [gnoll sergeant/+3 spear of freezing (6)]
  2739 | D:4      | Slain by a gnoll sergeant

Illustrated notes

Levels and vault maps discovered:
D:1:      onia_arrival_mini_maze, layout_rooms, serial_shops,
          nicolae_shop_crystal, minivault_14
D:2:      layout_basic, uniq_robin
D:3:      minmay_chambers_of_twos, layout_rooms, cheibriados_altar_1,
          serial_glass, glass_columns_a, glass_columns_a,
          basic_ecumenical_altar, serial_shops, nicolae_shop_waterfront,
          minmay_misc_feat_chi, uniq_sigmund, uniq_terence
D:4:      layout_rooms, nicolae_ashenzari_panopticon, dk_yredelemnul_ordeal,
          uniq_duvessa
D:5:      layout_basic, lightli_temple_of_fire,
          mainiacjoe_overflow_six_doors_small, serial_bayou,
          serial_bayou_shore_a, serial_bayou_lagoon_a, serial_bayou_pond_b,
          serial_bayou_pond_d, minmay_misc_feat_tiny, nicolae_grassy_gnolls

Skill      XL: |  1  2  3  4  5  6  7 |
---------------+----------------------+-----
Armour         | 4 5 6 |  6.2
Shields        | 4 5 |  5.0
Maces & Flails | 3 4 6 |  6.9
Fighting       | 4 |  4.8
Dodging        | 1 |  1.9
Stealth        | |  0.3

Action                     |  1- 3 |  4- 6 |  7- 9 || total
---------------------------+-------+-------+-------++-------
  Melee: Flail             |    50 |    45 |       ||    95
         Headbutt          |     4 |    23 |     9 ||    36
         Mace              |       |    83 |    46 ||   129
    Use: Scroll            |     1 |    10 |       ||    11
         Potion            |       |     2 |     2 ||     4
 Armour: Scale mail        |    67 |    82 |    54 ||   203
  Dodge: Dodged            |    45 |    82 |    37 ||   164
  Block: Buckler           |    19 |    27 |    17 ||    63
